 Dungeon Crawl Stone Soup version 0.32-a0-35-gd9ff480 (webtiles) character file.

Game seed: 2942436957995484928

487 Dorkslayer the Ruffian (level 7, -7/44 (45) HPs)
             Began as an Octopode Shapeshifter on Jan 21, 2024.
             Mangled by a wight
             ... wielding a +5 trident
              (15 damage)
             ... on level 4 of the Dungeon.
             The game lasted 00:06:42 (2726 turns).

Dorkslayer the Ruffian (Octopode Shapeshifter)      Turns: 2726, Time: 00:06:42

HP:   -7/44 (45)    AC:  1    Str: 16    XL:     7   Next: 13%
MP:   7/7           EV: 13    Int: 12    God:
Gold: 36            SH:  0    Dex: 11    Spells: 6/6 levels left

rFire   . . .        r - +7 staff of the Meek {protect, meekguard}
rCold   . . .        (shield currently unavailable)
rNeg    . . .        (helmet currently unavailable)
rPois   .            (no amulet)
rElec   .            (no ring)
rCorr   .            (no ring)
SInv    .            (no ring)
Will    .....        (no ring)
Stlth   +++          (no ring)
HPRegen 0.27/turn    (no ring)
MPRegen 0.10/turn    (no ring)
                     (no ring)

%: no passive effects
@: beast-form, lightly drained
A: beast (slay +2), almost no armour, amphibious, 8 rings, camouflage 1,
gelatinous body 1, (nimble swimmer 1), tentacles
a: Begin Untransformation


You were on level 4 of the Dungeon.
You were a hulking beast.
You visited 1 branch of the dungeon, and saw 4 of its levels.

You collected 156 gold pieces.
You spent 120 gold pieces at shops.

Inventory:

Hand Weapons
 k - a +0 mace
 r - the +7 staff of the Meek (weapon) {protect, meekguard}
   (You found it on level 4 of the Dungeon)
Missiles
 n - 3 curare-tipped darts (quivered)
Talismans
 b - a beast talisman
 c - a flux talisman
Wands
 s - a wand of charming (12)
Scrolls
 d - 2 scrolls of enchant armour
 h - 2 scrolls of blinking {unknown}
 i - a scroll of teleportation {unknown}
 j - a scroll of enchant weapon {unknown}
 o - a scroll of amnesia
 p - a scroll of immolation {unknown}
 u - a scroll of vulnerability {unknown}
 v - a scroll of brand weapon {unknown}
Potions
 a - a potion of lignification
 e - a potion of magic {unknown}
 f - a potion of might
 g - a potion of curing {unknown}
 l - a potion of heal wounds
 m - a potion of haste
 q - a potion of cancellation {unknown}
 t - a potion of enlightenment {unknown}


   Skills:
 * Level 2.4 Fighting
 + Level 2.2(2.5) Maces & Flails
 * Level 1.7(2.2) Staves
 * Level 2.1 Throwing
 * Level 2.8 Dodging
 + Level 3.6 Stealth
 * Level 4.3 Unarmed Combat
 * Level 1.5 Evocations
 * Level 3.6 Shapeshifting


You had 6 spell levels left.
You didn't know any spells.
Your spell library was empty.

Dungeon Overview and Level Annotations

Branches:
Dungeon (4/15)
 Temple: D:4-7

Altars:
Kikubaaqudgha
Okawaru
Wu Jian

Shops:
D:3 *


Innate Abilities, Weirdness & Mutations

You are a hulking beast.
Your limbs bulge with bestial killing power. (Slay +2)
You cannot wear most types of armour.
You are amphibious.
You can wear up to eight rings at the same time.
Your skin changes colour to match your surroundings (Stealth+).
Your rubbery body absorbs attacks. (AC +1, EV +1)
((You are camouflaged when in or above water. (Stealth+)))
You have tentacles for arms and can constrict up to eight enemies at once.


Message History

The stone arrow hits you!
You sock Dowan!
Your weapon exudes an aura of protection.
You kill Dowan!
Your Throwing skill increases to level 2!
You have reached level 7!
Things that are here:
a +0 dagger; a +0 robe; the elf corpse of Dowan
Found a scroll labelled ZOAQACVOVVU.
v - a scroll labelled ZOAQACVOVVU Your extra speed is starting to run out.
You feel yourself slow down. As you open the door, it creaks loudly!
There is an open door here.
You open the door.
There is an open door here.
A wight comes into view. It is wielding a +0 hand axe.
A giant cockroach comes into view.
A wight comes into view. It is wielding a +5 trident.
The giant cockroach completely misses you.
You thump the giant cockroach!
Your weapon exudes an aura of protection.
You kill the giant cockroach!
You barely miss the wight. Your grab misses the wight. You squeeze the wight!
The wight is heavily damaged.
You feel a little less mighty now. The wight closely misses you.
You sock the wight!
You destroy the wight!
A howler monkey skeleton comes into view.
Things that are here:
a +0 hand axe; a +0 robe; a giant cockroach corpse The wight hits you from afar with a +5 trident.
You feel drained. The wight attacks as it pursues you!
The wight barely misses you. The wight hits you with a +5 trident!!
* * * LOW HITPOINT WARNING * * *
You closely miss the wight. Your grab misses the wight.
The wight hits you with a +5 trident!
You die...

#...###..#..... ##.#
#.###.........)
..........# #........##
.z<#########..#....... .
.. ###........##..## ..#
#.# #..........'.....
Z...#.. #.#........#.....
.......##.#........#.....
.......zh..........####..
######.######.#......####
#. ###'#.####.# ##
#........#.# #..........#
#........### #........#
#........# #........#


You could see a wight.

Vanquished Creatures
  Duvessa (D:4)
  A phantom (D:4)
  A wight (D:4)
  Dowan (D:4)
  A bullfrog zombie (D:4)
  A bombardier beetle (D:4)
  A scorpion zombie (D:4)
  A hound skeleton (D:4)
  4 adders
  2 ribbon worms (D:3)
  3 dart slugs
  3 orcs
  5 bats
  3 endoplasms
  2 giant cockroaches
  6 goblins
  4 hobgoblins
  14 kobolds
  A quokka (D:1)
  5 ball pythons
  2 frilled lizards
  6 rats
68 creatures vanquished.

Notes
Turn   | Place    | Note
-------+----------+-------------------------------------------
     0 | D:1      | Dorkslayer the Octopode Shapeshifter began the quest for
                  | the Orb.
     0 | D:1      | Reached XP level 1. HP: 13/13 MP: 1/1
   253 | D:1      | Reached skill level 1 in Stealth
   277 | D:1      | Reached XP level 2. HP: 18/18 MP: 2/2
   919 | D:2      | Reached XP level 3. HP: 23/23 MP: 3/3
  1162 | D:2      | Found a faded altar of an unknown god.
  1263 | D:2      | Reached XP level 4. HP: 24/28 MP: 4/4
  1602 | D:3      | Reached skill level 1 in Maces & Flails
  1741 | D:3      | Found Qowaj's Assorted Antiques.
  1744 | D:3      | Bought a scroll labelled JAC GOURYDGH for 24 gold pieces
  1744 | D:3      | Bought a scroll of identify for 48 gold pieces
  1744 | D:3      | Bought a scroll labelled NIOROG HEOW for 24 gold pieces
  1744 | D:3      | Bought a scroll labelled GUICAU YSODOX for 24 gold pieces
  1951 | D:3      | Found an ornate altar of the Wu Jian Council.
  1968 | D:3      | Found an iron altar of Okawaru.
  1969 | D:3      | Found an ancient bone altar of Kikubaaqudgha.
  2148 | D:3      | Reached skill level 1 in Throwing
  2515 | D:4      | Found the +7 staff of the Meek {protect, meekguard}
  2526 | D:4      | Reached XP level 5. HP: 31/33 MP: 5/5
  2617 | D:4      | Noticed a phantom
  2617 | D:4      | Noticed Duvessa
  2618 | D:4      | Noticed Dowan
  2640 | D:4      | Killed a phantom
  2641 | D:4      | Reached skill level 4 in Unarmed Combat
  2641 | D:4      | Reached XP level 6. HP: 23/39 MP: 6/6
  2647 | D:4      | Killed Duvessa
  2648 | D:4      | Reached skill level 1 in Staves
  2648 | D:4      | Reached skill level 1 in Evocations
  2661 | D:4      | Killed Dowan
  2662 | D:4      | Reached XP level 7. HP: 16/45 MP: 7/7
  2726 | D:4      | Mangled by a wight

Illustrated notes

Levels and vault maps discovered:
D:1:      dpeg_arrival_solitude, layout_loops_corners, nrook_mini_backslash
D:2:      layout_loops_ring, ebering_ecumenical_altar_ruins
D:3:      layout_loops_corners, mainiacjoe_overflow_six_doors_small,
          grunt_temple_overflow_open, serial_shops, nicolae_shop_trees,
          minmay_goblin_kobold_house
D:4:      layout_basic, serial_undead, serial_undead_f, serial_undead_a,
          serial_undead_d, serial_undead_f, uniq_duvessa

Skill      XL: |  1  2  3  4  5  6 |
---------------+-------------------+-----
Stealth        | 1 2 3 |  3.6
Maces & Flails | 1 2 |  2.2
Throwing       | 1 2 |  2.1
Unarmed Combat | 4 |  4.3
Fighting       | 2 |  2.4
Staves         | 1 |  1.7
Evocations     | 1 |  1.5
Dodging        | |  2.8
Shapeshifting  | |  3.6

Action                     |  1- 3 |  4- 6 |  7- 9 || total
---------------------------+-------+-------+-------++-------
  Melee: Unarmed           |    28 |       |       ||    28
         Constrict         |    16 |    13 |       ||    29
         Tentacles         |    10 |    10 |     1 ||    21
         Mace              |    27 |    46 |       ||    73
         Punch             |       |     1 |       ||     1
         Quarterstaff      |       |    18 |     4 ||    22
  Throw: Dart              |       |     2 |       ||     2
    Use: Scroll            |     4 |     3 |       ||     7
         Potion            |     1 |     2 |       ||     3
   Stab: Sleeping          |     7 |     4 |       ||    11
         Distracted        |       |     1 |       ||     1
 Armour: Skin              |    23 |    31 |     3 ||    57
  Dodge: Dodged            |    38 |    39 |     3 ||    80

Table legend: (Time is in decaauts)
 A = Elapsed time spent in this place.
 B = Non-inter-level travel time spent in this place.
 C = Inter-level travel time spent in this place.
 D = Time resting spent in this place.
 E = Time spent auto-exploring this place.
 F = Levels seen in this place.
 G = Mean time per level.
                   A        B        C        D        E       F      G
               +--------+--------+--------+--------+--------+-----+--------+
         Total |   2736 |   2736 |      0 |      0 |   1710 |   4 |  684.0 |
       Dungeon |   2736 |   2736 |      0 |      0 |   1710 |   4 |  684.0 |
               +--------+--------+--------+--------+--------+-----+--------+

Top non-repeatable levels by time:
     D:3: 1012 daAuts
     D:1: 894 daAuts
     D:2: 638 daAuts
     D:4: 191 daAuts
